AoeStats
← King Keegan

Four Lakes

509755687Analyzed
1v1 RM · 6d ago on Sep 27, 2026· 51m 22s· 2 players
Game mode
Random Map
Map size
Tiny (2 player)
Population
200
Speed
Normal
Resources
Standard
Victory
Conquest
Starting age
Dark Age
Ending age
Imperial Age
RankedLock teamsTeams togetherTeam positionsShared explorationLock speedFull tech treeHidden civsTurbo modeCheats
Victory
Defeat
🇺🇸 Goths · United States
319
+18
🇦🇺 Burgundians · Australia
356
-18
King Keegan
0:27 Loom
14:12 Feudal Age
14:38 Man-at-Arms
16:13 Wheelbarrow
15:26 Horse Collar
15:36 Double-Bit Axe
15:51 Gold Mining
18:30 Fishing Lines
21:10 Town Watch
22:10 Stone Mining
23:17 Forging
23:08 Scale Mail Armor
23:14 Scale Barding Armor
22:59 Fletching
23:10 Padded Archer Armor
26:55 Castle Age
25:44 Bloodlines
28:28 Light Cavalry
29:09 Husbandry
29:13 Squires
28:34 Pikeman
29:37 Hand Cart
29:49 Long Swordsman
31:17 Stone Shaft Mining
33:21 Town Patrol
33:54 Murder Holes
33:40 Treadmill Crane
34:11 Masonry
36:10 Iron Casting
35:51 Chain Mail Armor
35:33 Bodkin Arrow
36:48 Ballistics
38:04 Chain Barding Armor
38:29 Anarchy
42:00 Leather Archer Armor
44:19 Imperial Age
42:29 Bow Saw
45:38 Conscription
45:19 Perfusion
47:11 Chemistry
46:42 Architecture
47:15 Two-Man Saw
46:19 Heavy Plow
46:28 Elite Huskarl
SKRUBL0RD1050ti
11:56 Feudal Age
13:01 Double-Bit Axe
13:26 Fishing Lines
16:11 Horse Collar
16:40 Gillnets
18:57 Bow Saw
21:09 Castle Age
22:31 Cavalier
25:44 Husbandry
25:43 Elite Skirmisher
29:04 Medium Warships
29:09 Forging
29:00 Scale Mail Armor
29:06 Squires
28:53 Arson
29:56 Fervor
30:08 Sanctity
29:49 Gold Mining
29:50 Stone Mining
31:07 Scale Barding Armor
34:02 Light Cavalry
36:03 Iron Casting
35:52 Chain Barding Armor
36:49 Burgundian Vineyards
37:57 Gold Shaft Mining
42:08 Imperial Age
39:25 Loom
40:12 Fletching
43:31 Hoardings
44:10 Chemistry
44:01 Conscription
44:14 Conscription
46:50 Murder Holes
47:07 Masonry
46:43 Arrowslits
Connection lost

Rejoining the realm…

Still unreachable

The connection could not be restored.

Session expired

The server has moved on; the page needs a fresh start.